 Dungeon Crawl Stone Soup version 0.30-a0-23-ge60ba3568b (webtiles) character file.

Game seed: 3203851559403777464

6937 Zonian the Covert (level 10, -6/72 HPs)
             Began as a Demonspawn Brigand on Aug 25, 2022.
             Was a Believer of Hepliaklqana.
             Mangled by a sixfirhy (10 damage)
             ... on level 10 of the Dungeon on Aug 26, 2022.
             The game lasted 00:40:46 (16562 turns).

Zonian the Covert (Demonspawn Brigand)             Turns: 16562, Time: 00:40:47

Health: -6/72      AC: 22    Str: 14    XL:     10   Next: 80%
Magic:  0/13       EV: 14    Int: 12    God:    Hepliaklqana [**....]
Gold:   231        SH:  5    Dex: 17    Spells: 9/9 levels left

rFire   . . .      SeeInvis +    a - +4 dagger (flame)
rCold   . . .      Faith    .    t - orb {light}
rNeg    . . .      Spirit   +    l - +7 ring mail of Masochism {Slay+3}
rPois   .          Reflect  +    f - +2 helmet
rElec   .          Harm     .    c - +2 cloak
rCorr   .          Rampage  .    (no gloves)
Will    +....                    (no boots)
Stlth   ++........               D - amulet of reflection
HPRegen 0.22/turn                o - ring of see invisible
MPRegen 0.26/turn                q - ring of willpower

@: mighty, spiked, glowing
A: reduced essence, claws 1, yellow scales 2, magic shield, magic regeneration
a: Renounce Religion, Recall Ancestor, Ancestor Identity


You were on level 10 of the Dungeon.
You worshipped Hepliaklqana.
Hepliaklqana was pleased with you.
You visited 2 branches of the dungeon, and saw 11 of its levels.

You collected 735 gold pieces.
You spent 504 gold pieces at shops.

Inventory:

Hand Weapons
 a - a +4 dagger of flaming (weapon)
 h - a +0 sling
 p - a +1 whip of flaming
 s - a +1 vorpal falchion
Missiles
 d - 10 poisoned darts (quivered)
 e - 4 curare-tipped darts
Armour
 c - a +2 cloak (worn)
 f - a +2 helmet (worn)
 l - the +7 ring mail of Masochism (worn) {Slay+3}
   (You acquired it on level 3 of the Dungeon)

   Slay:      It affects your accuracy & damage with ranged weapons and melee
   (+3).
 t - an orb of light (worn)
Jewellery
 o - a ring of see invisible (left claw)
 q - a ring of willpower (right claw)
 D - an amulet of reflection (around neck)
Wands
 g - a wand of quicksilver (3)
 n - a wand of paralysis (9)
 B - a wand of flame (3)
Scrolls
 b - a scroll of enchant weapon
 m - 6 scrolls of vulnerability
 z - a scroll of silence
Potions
 i - 3 potions of haste
 k - 4 potions of mutation
 r - 5 potions of magic
 u - 2 potions of might
 v - 3 potions of ambrosia
 w - 2 potions of lignification
 x - 3 potions of flight
 A - 2 potions of curing
 C - 2 potions of attraction


   Skills:
 + Level 7.7 Fighting
 + Level 5.3(5.4) Short Blades
 - Level 1.1(3.5) Long Blades
 - Level 2.0 Throwing
 + Level 5.8 Armour
 + Level 6.6 Dodging
 + Level 8.3 Stealth
 - Level 3.8 Unarmed Combat
 + Level 5.2 Invocations


You had 9 spell levels left.
You didn't know any spells.
Your spell library contained the following spells:

 Spells                   Type           Power      Damage    Failure   Level
 Beastly Appendage        Tmut           0%         N/A       54%         1
 Necrotise                Necr           0%         1d4       54%         1
 Sandblast                Erth           0%         2d4       54%         1
 Shock                    Conj/Air       0%         1d3       54%         1
 Passwall                 Tmut/Erth      0%         N/A       67%         2
 Wereblood                Tmut           0%         N/A       67%         2
 Conjure Flame            Conj/Fire      0%         6-21      88%         3
 Dazzling Flash           Conj/Hex       0%         N/A       88%         3
 Ignite Poison            Fire/Tmut/Pois 0%         N/A       88%         3
 Spider Form              Tmut/Pois      0%         N/A       88%         3
 Stone Arrow              Conj/Erth      0%         3d7       88%         3
 Summon Guardian Golem    Hex/Summ       0%         N/A       88%         3
 Swiftness                Air            0%         N/A       88%         3
 Vampiric Draining        Necr           0%         2d6       88%         3
 Airstrike                Air            0%         2d(0-16)  99%         4
 Animate Dead             Necr           0%         N/A       99%         4
 Sticky Flame             Conj/Fire      0%         2d3       99%         4
 Summon Lightning Spire   Summ/Air       0%         N/A       99%         4
 Agony                    Necr           0%         N/A       100%        5
 Borgnjor's Vile Clutch   Necr/Erth      0%         N/A       100%        5
 Lee's Rapid Deconstruct  Erth           0%         3d5*      100%        5
 Haunt                    Necr/Summ      0%         N/A       100%        7
 Orb of Destruction       Conj           0%         9d5       100%        7
 Spellforged Servitor     Conj/Summ      0%         N/A       100%        7
 Storm Form               Tmut/Air       0%         N/A       100%        7
 Infestation              Necr           0%         N/A       100%        8
 Maxwell's Capacitive Co  Air            0%         ∞         100%        8


Dungeon Overview and Level Annotations

Branches:
Dungeon (10/15)            Temple (1/1) D:6
   Lair: D:8-11         Orc: D:9-12

Altars:
Ashenzari
Cheibriados
Dithmenos
Fedhas
Gozag
Hepliaklqana
Kikubaaqudgha
Makhleb
Nemelex Xobeh
Okawaru
Qazlal
Ru
Sif Muna
Trog
Uskayaw
Vehumet
Wu Jian
Xom
Yredelemnul

Shops:
D:2 *   D:3 =   D:4 *   D:8 *

Annotations:
D:7 2 transporters, SensoryNuts's ghost, novice TeFi
D:10 Lodul


Innate Abilities, Weirdness & Mutations

Your life essence is reduced to manifest your ancestor. (-10% HP)
You have sharp fingernails.
You are mostly covered in yellow scales. (AC +3)
When hurt, damage is shared between your health and your magic reserves.
You regenerate magic rapidly.


Message History

Unknown command.
You close the door.
Unknown command.
You start resting.
You carefully extract the barbed spikes from your body.
You start resting.
A red devil opens the door.
It is wielding a +0 trident.
Unknown command.
You feel very mighty all of a sudden.
The red devil hits you but does no damage.
Unknown command.
The red devil hits you with a +0 trident.
Barbed spikes become lodged in your body.
There is an open door here.
You hit the red devil.
The red devil is lightly wounded.
You block the red devil's attack.
You puncture the red devil!
The red devil is heavily wounded.
The red devil hits you with a +0 trident!!
* * * LOW HITPOINT WARNING * * *
Barbed spikes become lodged in your body.
Unknown command.
You hit the red devil.
The red devil is severely wounded.
You puncture the red devil!
You kill the red devil!
Unknown command.
You start resting.
A sixfirhy is nearby!
A sixfirhy is nearby!
Unknown command.
You feel better. The sixfirhy hits you.
* * * LOW HITPOINT WARNING * * *
The sixfirhy shocks you!
* * * LOW HITPOINT WARNING * * *
The sixfirhy barely misses you. The sixfirhy hits you!
* * * LOW HITPOINT WARNING * * *
The sixfirhy shocks you!
You die...

#..........§§
#..........§§
#......4...§§
#......4.....
#..........4.
#####'#######
#...# ###3#
#####@####
#........#
#........#
#...(....######.
#........'....>.
#...^....#######
#........#
#........#
#######'## ###+#


You could see a sixfirhy.

Vanquished Creatures
  A boulder beetle (D:9)
  A two-headed ogre (D:9)
  Pikel (D:4)
  A red devil (D:10)
  3 yaks (D:9)
  A wyvern (D:8)
  A vampire (D:9)
  A steam dragon (D:9)
  An acid dragon (D:9)
  3 orc warriors
  A sky beast (D:6)
  A water moccasin (D:6)
  2 ice beasts
  2 centaurs
  A lemure (D:3)
  2 phantoms
  2 kobold brigands
  3 bullfrogs
  2 gnoll sergeants
  4 scorpions
  11 killer bees
  3 howler monkeys
  2 jellies (D:7)
  5 hounds
  2 quasits (D:10)
  A gnoll bouda (D:8)
  8 orc priests
  Terence (D:2)
  4 iguanas
  7 orc wizards
  15 gnolls
  6 adders
  A shadow imp (D:6)
  A white imp (D:7)
  2 worms (D:2)
  3 dart slugs
  33 orcs
  7 bats
  5 endoplasms
  4 giant cockroaches
  8 goblins
  6 hobgoblins
  4 jackals (D:4)
  16 kobolds
  2 quokkas
  3 ball pythons
  4 frilled lizards
  9 rats
207 creatures vanquished.

Vanquished Creatures (collateral kills)
  An acid dragon (D:9)
  2 orc warriors (D:9)
  A centaur (D:9)
  2 kobold brigands (D:9)
  2 killer bees (D:9)
  A howler monkey (D:9)
  An orc priest (D:9)
  2 orc wizards
  A white imp (D:8)
  3 orcs
  2 kobolds
18 creatures vanquished.

Vanquished Creatures (others)
  4 knights
  3 ancestors
7 creatures vanquished.

Grand Total: 232 creatures vanquished

Notes
Turn   | Place    | Note
-------+----------+-------------------------------------------
     0 | D:1      | Zonian the Demonspawn Brigand began the quest for the Orb.
     0 | D:1      | Reached XP level 1. HP: 16/16 MP: 1/1
    27 | D:1      | Reached skill level 1 in Dodging
   369 | D:1      | Gained mutation: You have sharp fingernails. [demonic
                  | ancestry]
   369 | D:1      | Reached XP level 2. HP: 22/22 MP: 2/2
   938 | D:2      | Noticed Terence
  1251 | D:2      | Reached XP level 3. HP: 28/28 MP: 3/3
  1273 | D:2      | Found Ylibot's Assorted Antiques.
  1275 | D:2      | Got the Octavo of Spellbinding Spelunking
  1283 | D:2      | Bought a bronze ring for 120 gold pieces
  1519 | D:2      | Reached skill level 4 in Stealth
  1594 | D:2      | Killed Terence
  1595 | D:2      | Reached skill level 1 in Unarmed Combat
  1595 | D:2      | Reached XP level 4. HP: 34/34 MP: 4/4
  2764 | D:2      | Reached XP level 5. HP: 31/41 MP: 2/5
  5230 | D:3      | Reached XP level 6. HP: 26/47 MP: 6/6
  5231 | D:3      | Found Zutyak's Jewellery Shoppe.
  6141 | D:3      | Found an ornate altar of the Wu Jian Council.
  6333 | D:3      | Reached skill level 5 in Stealth
  7080 | D:4      | Found Vudawe's General Store.
  7352 | D:4      | Noticed Pikel
  7587 | D:3      | Identified a scroll of acquirement
  7587 | D:3      | Acquired the +7 ring mail of Masochism {Slay+3}
  8253 | D:4      | Killed Pikel
  8254 | D:4      | Gained mutation: You regenerate magic rapidly. [demonic
                  | ancestry]
  8254 | D:4      | Reached XP level 7. HP: 27/55 MP: 3/7
  8618 | D:5      | Entered Level 5 of the Dungeon
  8787 | D:5      | Gained mutation: You are partially covered in yellow
                  | scales. (AC +2) [demonic ancestry]
  8787 | D:5      | Reached XP level 8. HP: 50/61 MP: 6/8
  9319 | D:6      | Reached skill level 5 in Fighting
  9337 | D:6      | Reached skill level 6 in Stealth
  9414 | D:6      | Reached skill level 1 in Long Blades
  9566 | D:6      | Found a staircase to the Ecumenical Temple.
  9597 | Temple   | Entered the Ecumenical Temple
  9985 | Temple   | Became a worshipper of Hepliaklqana the Forgotten
 10513 | D:2      | Bought a scroll labelled KADOAD ELEPUYD for 24 gold pieces
 11033 | D:7      | Found a transporter.
 11293 | D:7      | Gained mutation: When hurt, damage is shared between your
                  | health and your magic reserves. [demonic ancestry]
 11293 | D:7      | Reached XP level 9. HP: 66/69 MP: 9/9
 11624 | D:7      | Found a transporter.
 11624 | D:7      | Noticed SensoryNuts's ghost (novice TeFi)
 11690 | D:7      | Reached skill level 5 in Dodging
 12038 | D:7      | Reached skill level 7 in Stealth
 12694 | D:8      | Reached * piety under Hepliaklqana
 12827 | D:3      | Bought an amulet of reflection for 360 gold pieces
 13155 | D:8      | Reached skill level 1 in Invocations
 13357 | D:8      | Found Mah Vaic's Assorted Antiques.
 14344 | D:9      | Noticed a boulder beetle
 14360 | D:9      | Killed a boulder beetle
 14361 | D:9      | Reached skill level 5 in Armour
 14361 | D:9      | Gained mutation: You are mostly covered in yellow scales.
                  | (AC +3) [demonic ancestry]
 14361 | D:9      | Reached XP level 10. HP: 60/71 MP: 8/12
 14768 | D:9      | Reached ** piety under Hepliaklqana
 14769 | D:9      | Remembered your ancestor Gideon as a knight
 15179 | D:9      | Noticed a two-headed ogre
 15218 | D:9      | Killed a two-headed ogre
 15219 | D:9      | Reached skill level 5 in Short Blades
 15219 | D:9      | Reached skill level 8 in Stealth
 15448 | D:9      | Noticed a skeletal warrior
 16193 | D:9      | Reached skill level 5 in Invocations
 16254 | D:9      | Noticed a cyclops
 16254 | D:9      | Noticed a boulder beetle
 16390 | D:10     | Entered Level 10 of the Dungeon
 16390 | D:10     | Noticed Lodul
 16513 | D:10     | Noticed a sixfirhy
 16562 | D:10     | Mangled by a sixfirhy

Illustrated notes

Levels and vault maps discovered:
D:1:      saegor_arrival_simple_e, layout_basic
D:2:      layout_loops_ring, serial_shops, nicolae_square_shop,
          minmay_divided_ellipse, uniq_terence
D:3:      layout_rooms, mainiacjoe_overflow_surrounded_room, serial_shops, shop,
          hangedman_decor_diamond_cutter
D:4:      layout_gridville, nicolae_take_the_stairs, uniq_pikel
D:5:      layout_rooms, grunt_ministairs_15, minmay_misc_feat_tower,
          kennysheep_pointless_box
D:6:      layout_basic, minmay_temple_entry_mist
D:7:      layout_basic, gammafunk_ghost_arena
D:8:      layout_cave_pools, serial_shops, shop
D:9:      layout_stronghold, nzn_random_ring
D:10:     layout_roguey [special_room_orc], serial_demonic, serial_demonic_f,
          serial_demonic_d, serial_demonic_a, serial_demonic_b,
          serial_demonic_e, serial_demonic_d, serial_demonic_c,
          serial_demonic_f, serial_demonic_c, serial_demonic_a, uniq_lodul
Temple:   mainiacjoe_temple_trianglar_array

Skill      XL: |  1  2  3  4  5  6  7  8  9 10 |
---------------+-------------------------------+-----
Dodging        | 1 2 3 4 6 |  6.6
Throwing       | 2 |  2.0
Short Blades   | 2 4 5 |  5.3
Stealth        | 4 5 6 7 8 |  8.3
Unarmed Combat | 1 2 3 |  3.8
Fighting       | 3 4 5 7 |  7.7
Armour         | 2 3 5 |  5.8
Long Blades    | 1 |  1.1
Invocations    | 3 5 |  5.2

Action                   |  1- 3 |  4- 6 |  7- 9 | 10-12 || total
-------------------------+-------+-------+-------+-------++-------
Melee: Dagger            |    27 |    96 |   382 |   119 ||   624
       Unarmed           |    50 |   244 |       |       ||   294
       Punch             |       |    10 |    14 |     4 ||    28
Throw: Dart              |     4 |    23 |     9 |    12 ||    48
Invok: Ancestor Identity |       |       |     1 |       ||     1
       Ancestor Life: Kn |       |       |       |     1 ||     1
Evoke: Wand              |       |       |     1 |    13 ||    14
  Use: Scroll            |       |    19 |     9 |     2 ||    30
       Potion            |       |     5 |       |     4 ||     9
 Stab: Sleeping          |     6 |     6 |    11 |     2 ||    25
       Distracted        |       |       |     2 |       ||     2
Armor: Robe              |    31 |    93 |       |       ||   124
       Ring mail         |       |    37 |   193 |    64 ||   294
       Leather armour    |       |     3 |       |       ||     3
Dodge: Dodged            |    38 |   199 |   220 |    63 ||   520
Block: Other             |       |       |    15 |    28 ||    43
       Reflection        |       |       |     1 |     3 ||     4
       Orb               |       |       |       |     8 ||     8

Table legend: (Time is in decaauts)
 A = Elapsed time spent in this place.
 B = Non-inter-level travel time spent in this place.
 C = Inter-level travel time spent in this place.
 D = Time resting spent in this place.
 E = Time spent auto-exploring this place.
 F = Levels seen in this place.
 G = Mean time per level.
                   A        B        C        D        E       F      G
               +--------+--------+--------+--------+--------+-----+--------+
         Total |  16447 |  15519 |    928 |   6573 |   5670 |  11 | 1495.2 |
       Dungeon |  16031 |  15130 |    901 |   6573 |   5332 |  10 | 1603.1 |
        Temple |    415 |    388 |     27 |      0 |    338 |   1 |  415.0 |
               +--------+--------+--------+--------+--------+-----+--------+

Top non-repeatable levels by time:
     D:2: 3957 daAuts
     D:9: 1999 daAuts
     D:3: 1774 daAuts
     D:4: 1722 daAuts
     D:8: 1489 daAuts
     D:7: 1435 daAuts
     D:6: 1414 daAuts
     D:1: 1332 daAuts
     D:5: 773 daAuts
  Temple: 415 daAuts
    D:10: 132 daAuts
